 Dungeon Crawl Stone Soup version 0.18.1-50-g88ac8fd (console) character file.

1106 Homage the Twirler (level 8, -16/61 HPs)
             Began as a Ghoul Gladiator on Oct 10, 2016.
             Was an Initiate of Okawaru.
             Demolished by an orc warrior
             ... wielding a +0 long sword
              (20 damage)
             ... on level 6 of the Dungeon.
             The game lasted 00:18:11 (5755 turns).

Homage the Twirler (Ghoul Gladiator)                Turns: 5755, Time: 00:18:12

Health: -16/61     AC: 12    Str: 18 (19) XL:     8   Next: 33%
Magic:  7/7        EV:  8    Int:  0 (3)  God:    Okawaru [......]
Gold:   270        SH:  0    Dex:  8 (11) Spells: 0 memorised, 7 levels left

rFire  . . .     SeeInvis .     a - +1 quarterstaff
rCold  + + .     Gourm    .     x - +0 chain mail
rNeg   + + +     Faith    .     (shield currently unavailable)
rPois  ∞         Spirit   .     c - +0 helmet
rElec  .         Dismiss  .     A - +0 cloak
rCorr  .         Reflect  .     (no gloves)
SustAt .         Harm     .     h - +0 pair of boots
MR     +....                    (no amulet)
Stlth  ..........               B - ring of protection from cold
                                m - ring of protection from magic

@: rotting, slowed, lost intelligence, very slow, somewhat resistant to hostile
enchantments, extremely unstealthy
A: rotting body, claws 1, carnivore 3, cold resistance 1, negative energy
resistance 3, slow regeneration 1, torment resistance, unbreathing
a: Renounce Religion


You were on level 6 of the Dungeon.
You worshipped Okawaru.
Okawaru was noncommittal.
You were not hungry.

You visited 2 branches of the dungeon, and saw 8 of its levels.

You collected 270 gold pieces.


Innate Abilities, Weirdness & Mutations

Your body is rotting away.
You thrive on raw meat.
You are immune to poison.
You have sharp fingernails.
You are carnivorous and can eat meat at any time.
Your flesh is cold resistant.
You are immune to negative energy.
You regenerate slowly when monsters are visible.
You are immune to unholy pain and torment.
You can survive without breathing.


   Skills:
 - Level 2.1 Fighting
 - Level 7.0 Staves
 - Level 3.0 Throwing
 - Level 3.1 Armour
 + Level 4.7 Dodging


You had 7 spell levels left.
You didn't know any spells.

Inventory:

Hand Weapons
 a - a +1 quarterstaff (weapon)
 b - a +0 blowgun
 C - the +4 rapier "Muvososm" {freeze, +Fly Dex+2}
   (You found it on level 5 of the Dungeon)

   It has been specially enchanted to freeze those struck by it, causing extra
   injury to most foes and up to half again as much damage against particularly
   susceptible opponents.
   It can also slow down cold-blooded creatures.
   It affects your dexterity (+2).
   It lets you fly.
Missiles
 d - 122 stones
 g - 5 tomahawks (quivered)
 j - 3 throwing nets
 v - 26 poisoned needles
Armour
 c - a +0 helmet (worn)
 h - a +0 pair of boots (worn)
 x - a +0 chain mail (worn)
 A - a +0 cloak (worn)
Jewellery
 m - a ring of protection from magic (left claw)
 B - a ring of protection from cold (right claw)
Scrolls
 e - a scroll of amnesia
 i - a scroll of magic mapping
 l - 3 scrolls of remove curse
 o - 3 scrolls of fog
 u - 4 scrolls of teleportation
Potions
 q - 4 potions of curing
 r - 2 potions of heal wounds
Comestibles
 f - 4 chunks of flesh


Message History

The orc barely misses you.
The orc warrior hits you with a long sword!
The quokka bites you but does no damage.
The jelly hits you but does no damage. The orc hits you with a hand axe.
The orc warrior hits you with a long sword!
The quokka bites you but does no damage.
The orc warrior barely misses you.
The quokka bites you but does no damage.
You sock the quokka!
You kill the quokka!
Okawaru accepts your kill.
You hear a slurping noise.
The jelly hits you but does no damage.
Some of the chunks of flesh in your inventory have rotted away.
You hit the orc warrior but do no damage.
The orc warrior hits you with a long sword!
* * * LOW HITPOINT WARNING * * *
The jelly hits you but does no damage.
The orc warrior hits you with a long sword!!
You die...

#......'..##...##..#
.......#...#......)#
.......#...#.......#
.......#..##'####..#
#...####..##...##..#
#...####+###.......#
...................#
.................>.#
...^............@J.#
#...#########..##oo#
#...###...###..##..#
......'.......>....#
......#......[..>..#
......#............#
#....##[...##..##..#
#....##....##..##..#
................'..#


You could see an orc warrior, a jelly and an orc.

Vanquished Creatures
  A centaur (D:5)
  2 giant frogs (D:6)
  A gnoll sergeant (D:5)
  A scorpion (D:5)
  A vampire bat (D:3)
  A howler monkey (D:4)
  A giant frog zombie (D:6)
  2 jellies
  A giant frog skeleton (D:6)
  2 orc priests
  2 hounds (D:4)
  An iguana (D:5)
  An orc wizard (D:5)
  Ijyb (D:3)
  Natasha (thrice) (D:4)
  3 worker ants
  A howler monkey zombie (D:5)
  A worker ant zombie (D:5)
  4 gnolls (D:5)
  8 adders
  An ooze (D:2)
  5 worms
  2 dart slugs (D:2)
  2 giant geckos
  9 orcs
  2 bat skeletons (D:3)
  3 bat zombies (D:3)
  2 giant cockroaches
  3 goblins
  10 hobgoblins
  6 jackals
  5 quokkas
  A ball python (D:4)
  5 bats
  A giant gecko zombie (D:6)
  3 giant newts
  A jackal zombie (D:6)
  9 kobolds
  8 rats
  A butterfly (D:6)
117 creatures vanquished.

Vanquished Creatures (others)
  A lightning spire (D:3)
  A bush (D:3)
2 creatures vanquished.

Grand Total: 119 creatures vanquished

Notes
Turn   | Place    | Note
--------------------------------------------------------------
     0 | D:1      | Homage the Ghoul Gladiator began the quest for the Orb.
     0 | D:1      | Reached XP level 1. HP: 17/17 MP: 0/0
     0 | D:1      | Noticed a minotaur
     0 | D:1      | Noticed an ogre
     0 | D:1      | Noticed an elf
     2 | D:1      | Noticed an ogre
     4 | D:1      | Noticed a minotaur
     6 | D:1      | Noticed an ogre
     7 | D:1      | Noticed an octopode
     8 | D:1      | Noticed an octopode
    10 | D:1      | Noticed an octopode
    12 | D:1      | Noticed a spriggan
    14 | D:1      | Noticed a formicid
    14 | D:1      | Noticed a formicid
    16 | D:1      | Noticed a naga
    16 | D:1      | Noticed a ghoul
    18 | D:1      | Noticed a spriggan
   123 | D:1      | Reached skill level 3 in Staves
   173 | D:1      | Reached XP level 2. HP: 23/24 MP: 1/1
   285 | D:1      | Reached skill level 3 in Dodging
   821 | D:2      | Reached XP level 3. HP: 14/29 MP: 2/2
  1459 | D:2      | Reached skill level 4 in Staves
  1574 | D:2      | Reached XP level 4. HP: 27/36 MP: 3/3
  2136 | D:3      | Noticed Ijyb
  2148 | D:3      | Killed Ijyb
  2326 | D:3      | Reached XP level 5. HP: 41/41 MP: 4/4
  2343 | D:3      | Found an ancient bone altar of Kikubaaqudgha.
  2356 | D:3      | Reached skill level 5 in Staves
  2629 | D:3      | Found a glowing silver altar of Zin.
  2854 | D:3      | Found an oddly glowing altar of Pakellas.
  2855 | D:3      | Noticed a deep elf knight
  2963 | D:4      | Reached skill level 1 in Armour
  2976 | D:4      | Reached XP level 6. HP: 38/46 MP: 5/5
  3002 | D:4      | Noticed Natasha
  3010 | D:4      | Killed Natasha
  3158 | D:4      | Noticed Natasha
  3162 | D:4      | Killed Natasha
  3162 | D:4      | Reached skill level 3 in Armour
  3475 | D:4      | Noticed Natasha
  3485 | D:4      | Killed Natasha
  3618 | D:4      | Reached skill level 3 in Throwing
  3676 | D:5      | Entered Level 5 of the Dungeon
  3719 | D:5      | Reached XP level 7. HP: 48/55 MP: 6/6
  3860 | D:5      | HP: 9/53 [acid (5)]
  3862 | D:5      | HP: 3/53 [acid (5)]
  3875 | D:5      | HP: 2/53 [acid (2)]
  4266 | D:5      | Reached skill level 6 in Staves
  4313 | D:5      | Found Geury's Antique Armour Boutique.
  4432 | D:5      | Got a bloodstained rapier
  4433 | D:5      | Identified the +4 rapier "Muvososm" {freeze, +Fly Dex+2} (You found it on level 5 of the Dungeon)
  4937 | D:5      | Reached skill level 7 in Staves
  5107 | D:6      | Reached XP level 8. HP: 53/61 MP: 7/7
  5187 | D:6      | Found a staircase to the Ecumenical Temple.
  5204 | Temple   | Entered the Ecumenical Temple
  5329 | Temple   | Became a worshipper of Warmaster Okawaru
  5674 | D:6      | Lost intelligence.
  5755 | D:6      | HP: 4/61 [orc warrior/long sword (13)]
  5755 | D:6      | Demolished by an orc warrior

Vault maps used:
D:1:      shiori_arrival_whats_in_store_for_you, patterned_corridor
D:2:      serial_forest, infiniplex_forest_fountain, infiniplex_forest_corner_2,
          infiniplex_forest_corner_1, infiniplex_forest_straight_2,
          infiniplex_forest_lined_2, infiniplex_forest_clump_curved,
          infiniplex_forest_straight_1, infiniplex_forest_clump_double,
          infiniplex_forest_lined_3
D:3:      kennysheep_vampire_church, lemuel_coloured_pillars_altar, first_bread,
          gammafunk_pakellas_spire_experiment, uniq_iyjb
D:4:      uniq_natasha
D:5:      serial_shops, nicolae_shop_overgrown_old_shop, lightli_minifort
D:6:      minmay_temple_entry_butterflies
D:7:      wad_lake_hut, serial_shops, shop, guppyfry_shop_venom, uniq_joseph
Temple:   kilobyte_greek_temple_18

Action                   |  1- 3 |  4- 6 |  7- 9 || total
-------------------------+-------+-------+-------++-------
Melee: Quarterstaff      |    96 |   147 |   177 ||   420
Throw: Stone             |     2 |    56 |    16 ||    74
       Tomahawk          |       |       |     1 ||     1
  Use: Scroll            |     8 |     4 |     1 ||    13
       Potion            |     1 |       |     7 ||     8
  Eat: Chunk             |     7 |    10 |    14 ||    31
Armor: Leather armour    |     6 |       |       ||     6
       Ring mail         |    18 |    27 |       ||    45
       Chain mail        |       |    60 |   151 ||   211
Dodge: Dodged            |    62 |    76 |    91 ||   229
